 Dungeon Sprint DCSS version 0.26.1-11-gd32895ea62 (webtiles) character file.

Game seed: 17742217476574551470

271129 Groucho the Imperceptible (level 12, 3/64 HPs)
             Began as a Felid Berserker on May 23, 2021.
             Was an Elder of Trog.
             Escaped with the Orb!
             The game lasted 00:12:18 (4695 turns).

Groucho the Imperceptible (Felid Berserker)         Turns: 4695, Time: 00:12:19

Health: 3/64       AC:  3    Str: 11    XL:     12   Next: 16%
Magic:  11/11      EV: 35    Int:  7    God:    Trog [****..]
Gold:   1799       SH:  0    Dex: 20    Spells: 11/11 levels left
                                        Lives:  2   Deaths: 1

rFire    . . .     SeeInvis +     - Unarmed
rCold    + . .     Faith    .   (shield unavailable)
rNeg     + . .     Spirit   .   (armour unavailable)
rPois    +         Reflect  .   (helmet unavailable)
rElec    .         Harm     .   (cloak unavailable)
rCorr    +         Rampage  .   (gloves unavailable)
Will     +....     NoTele   +   (boots unavailable)
Stlth    ++++......             (no amulet)
HPRegen  0.20/turn              h - ring of Datirgh {+Inv +Fly rN+ rCorr}
MPRegen  0.12/turn              l - ring of poison resistance

@: quick
A: very small, no armour, no weapons or thrown items, stealth, claws 1, fangs 3,
see invisible, dopey 1, speed 1, low mp 1, shaggy fur 3, weak 1, subdued magic
1, sharp paws
0: Orb of Zot
a: Renounce Religion, Evoke Invisibility, Evoke Flight, Berserk, Trog's Hand,
Brothers in Arms


You escaped.
You worshipped Trog.
Trog was greatly pleased with you.
You visited 1 branch You collected 3416 gold pieces.
You spent 1617 gold pieces at shops.

Inventory:

Jewellery
 g - an uncursed ring of magical power
 h - the ring of Datirgh (left paw) {+Inv +Fly rN+ rCorr}
   (You bought it in a shop in the Dungeon)

   [ring of resist corrosion]

   It protects you from negative energy.
   It lets you turn invisible.
   It lets you fly.
   It provides partial protection from all sources of acid and corrosion.
 l - a ring of poison resistance (right paw)
 n - an uncursed ring of fire
Wands
 i - a wand of random effects (13)
Scrolls
 a - a scroll of fear
 b - a scroll of blinking
 f - a scroll of enchant weapon {unknown}
 o - 2 scrolls of remove curse {unknown}
 p - 2 scrolls of identify
Potions
 d - 2 potions of magic
 e - a potion of berserk rage


   Skills:
 + Level 14.8 Fighting
 + Level 18.4 Dodging
 + Level 26.0 Stealth
 + Level 14.8 Unarmed Combat


You had 11 spell levels left.
You didn't know any spells.
Your spell library was empty.

Dungeon Overview and Level Annotations

Branches:
Dungeon (1/1)

Altars:
Cheibriados
Dithmenos
Elyvilon
Fedhas
Gozag
Hepliaklqana
Kikubaaqudgha
Makhleb
Nemelex Xobeh
Okawaru
Qazlal
Ru
Sif Muna
Trog
Uskayaw
Vehumet
Wu Jian
Xom
Yredelemnul
Zin
The Shining One
Jiyva
Lugonu

Shops:
D =*[=:(}[:=}*[[}?:}([!*

Annotations:
D Tiamat


Innate Abilities, Weirdness & Mutations

You cannot wear armour.
You are incapable of wielding weapons or throwing items.
Your paws allow you to move quietly. (Stealth)
You have sharp claws.
You have razor-sharp teeth.
You have supernaturally acute eyesight. (SInv)
You cover ground quickly.
Your thick and shaggy fur keeps you warm. (AC +3, rC+)
Your sharp claws are effective at attacking unaware monsters.
You are dopey. (Int -2)
Your magical capacity is low. (-10% MP)
You are weak. (Str -2)
Your spells are a little easier to cast, but a little less powerful.


Message History

An efreet comes into view.
It is wielding a +1 scimitar of flaming.
There is an open door here.
The efreet gestures at you.
The fireball explodes!
The fireball engulfs you!
* * * LOW HITPOINT WARNING * * *
The efreet gestures at you.
The fireball explodes!
The fireball engulfs you!
* * * LOW HITPOINT WARNING * * *
There is an open door here.
Things that are here:
a +0 scythe; a +0 robe
There is an open door here.
Which direction?
You close the door.
There is an open door here.
You see here a +0 giant club.
You see here a +0 chain mail.
There is an open door here.
There is a staircase leading out of the dungeon here.
You have escaped!

##################
#@.#..)..#.)'R.#__
#..'[.#..+..#☼.'..
#..#####'#####'#__
#..####..#...#.###
#..#__####..##R#§§
#..#_____##'#°.'§≈
#⌠⌠#_.∩...'..._#§§
####_..__##_.#'##'
#_____###'#.#§.


There were no monsters in sight!

Vanquished Creatures
  2 fire giants (D)
  A lorocyproca (D)
  A hydra (D)
  2 centaur warriors (D)
  Sonja (D)
  A deep troll (D)
  4 unseen horrors (D)
  A lindwurm (D)
  2 shining eyes (D)
  An oklob plant (D)
  A gargoyle (D)
  2 kobold demonologists (D)
  4 demonic crawlers (D)
  A hornet (D)
  A meliai (D)
  A slime creature (D)
  Sigmund (D)
  13 hogs (D)
  2 redbacks (D)
  A yak (D)
  5 floating eyes (D)
  An ogre (D)
  7 necrophages (D)
  8 jellies (D)
  Ijyb (D)
65 creatures vanquished.

Vanquished Creatures (collateral kills)
  A golden dragon (D)
  A shadow dragon (D)
  2 fire giants (D)
  A daeva (D)
  3 unseen horrors (D)
  6 shining eyes (D)
  2 floating eyes (D)
16 creatures vanquished.

Vanquished Creatures (others)
  A gargoyle (D)
1 creature vanquished.

Grand Total: 82 creatures vanquished

Notes
Turn   | Place    | Note
-------+----------+-------------------------------------------
     0 | D        | Groucho the Felid Berserker began the quest for the Orb.
     0 | D        | Reached XP level 1. HP: 10/10 MP: 2/2
     3 | D        | Noticed Ijyb
    10 | D        | Killed Ijyb
    11 | D        | Reached skill level 8 in Stealth
    11 | D        | Reached XP level 2. HP: 14/14 MP: 3/3
   145 | D        | Killed a gargoyle
   313 | D        | Noticed an ogre
   317 | D        | Killed an ogre
   318 | D        | Reached skill level 12 in Stealth
   318 | D        | Reached XP level 3. HP: 17/17 MP: 4/4
   318 | D        | Reached XP level 4. HP: 21/21 MP: 5/5
   356 | D        | Noticed Sigmund
   358 | D        | Killed Sigmund
   358 | D        | Reached ** piety under Trog
   359 | D        | Reached skill level 16 in Stealth
   359 | D        | Reached XP level 5. HP: 24/24 MP: 6/6
   359 | D        | Gained mutation: You are covered in thick fur. (AC +2)
                  | [Felid growth]
   359 | D        | Reached XP level 6. HP: 28/28 MP: 7/7
   388 | D        | Found an ornate altar of the Wu Jian Council.
   388 | D        | Found a shimmering blue altar of Sif Muna.
   390 | D        | Found a radiant altar of Vehumet.
   430 | D        | Found Bixetor's Jewellery Emporium.
   430 | D        | Found an ancient bone altar of Kikubaaqudgha.
   430 | D        | Found a hazy altar of Hepliaklqana.
   430 | D        | Found a stormy altar of Qazlal.
   430 | D        | Found a hide-covered altar of Uskayaw.
   430 | D        | Found a blossoming altar of Fedhas.
   430 | D        | Found a bloodstained altar of Trog.
   430 | D        | Found an iron altar of Okawaru.
   430 | D        | Found a basalt altar of Yredelemnul.
   430 | D        | Found a glowing golden altar of the Shining One.
   430 | D        | Found a snail-covered altar of Cheibriados.
   430 | D        | Found a sacrificial altar of Ru.
   430 | D        | Found a glowing silver altar of Zin.
   430 | D        | Found a shadowy altar of Dithmenos.
   430 | D        | Found a white marble altar of Elyvilon.
   430 | D        | Noticed a yak
   431 | D        | Found an opulent altar of Gozag.
   432 | D        | Killed a yak
   433 | D        | Reached skill level 18 in Stealth
   433 | D        | Found a sparkling altar of Nemelex Xobeh.
   451 | D        | Found a burning altar of Makhleb.
   451 | D        | Found a shimmering altar of Xom.
   451 | D        | Noticed a slime creature
   452 | D        | Found a viscous altar of Jiyva.
   452 | D        | Found a corrupted altar of Lugonu.
   454 | D        | Killed a slime creature
   455 | D        | Reached skill level 19 in Stealth
   455 | D        | Reached XP level 7. HP: 31/31 MP: 8/8
   500 | D        | Noticed a centaur warrior
   500 | D        | Noticed a centaur warrior
   501 | D        | Killed a centaur warrior
   501 | D        | Reached *** piety under Trog
   502 | D        | Reached skill level 5 in Fighting
   502 | D        | Reached skill level 20 in Stealth
   502 | D        | Reached skill level 5 in Unarmed Combat
   502 | D        | Reached XP level 8. HP: 38/38 MP: 9/9
   502 | D        | Killed a centaur warrior
   503 | D        | Reached skill level 21 in Stealth
   510 | D        | Noticed a hornet
   513 | D        | Killed a hornet
   514 | D        | Reached XP level 9. HP: 43/43 MP: 10/10
   524 | D        | Noticed an oklob plant
   526 | D        | Killed an oklob plant
   526 | D        | Reached **** piety under Trog
   527 | D        | Reached skill level 10 in Dodging
   565 | D        | Noticed an unseen horror
   565 | D        | Noticed an unseen horror
   571 | D        | Killed an unseen horror
   571 | D        | Reached ***** piety under Trog
   572 | D        | Reached skill level 22 in Stealth
   573 | D        | Killed an unseen horror
   574 | D        | Reached XP level 10. HP: 49/49 MP: 11/11
   862 | D        | Reached ****** piety under Trog
   870 | D        | Reached skill level 10 in Fighting
   870 | D        | Reached skill level 10 in Unarmed Combat
   890 | D        | Found Quraar's Antique Armour Shoppe.
   890 | D        | Found Loquts's Gadget Shop.
   890 | D        | Found Usyonor's Book Boutique.
   892 | D        | Found Ivifrops's Jewellery Emporium.
   892 | D        | Found Qunaczoudo's Gadget Shop.
   892 | D        | Found Ukla's Assorted Antiques.
   892 | D        | Found Jeyppa Qaati's Armour Boutique.
   892 | D        | Found Aculoss's Antique Armour Emporium.
   892 | D        | Found Zeor's Gadget Shop.
   892 | D        | Found Caow's Magic Scroll Shoppe.
   896 | D        | Found Waixiopn's Book Boutique.
   897 | D        | Found Zelyleha's Antique Weapon Emporium.
   897 | D        | Found Osouh's Gadget Boutique.
   898 | D        | Found Beqao's Distillery.
   906 | D        | Bought a wand of digging (4) for 160 gold pieces
   951 | D        | Bought an uncursed ring of flight for 227 gold pieces
   953 | D        | Bought an uncursed ring of poison resistance for 260 gold
                  | pieces
   981 | D        | Noticed a deep troll
   983 | D        | Killed a deep troll
   995 | D        | Found Cavarifo's Armour Emporium.
  1022 | D        | Noticed Sonja
  1025 | D        | Killed Sonja
  1044 | D        | Found Xozot's Jewellery Boutique.
  1052 | D        | Bought the ring of Datirgh {+Inv +Fly rN+ rCorr} for 523
                  | gold pieces
  1061 | D        | Noticed a shining eye
  1061 | D        | Noticed a shining eye
  1061 | D        | Noticed a shining eye
  1061 | D        | Noticed a shining eye
  1061 | D        | Noticed a shining eye
  1061 | D        | Noticed a shining eye
  1065 | D        | Reached skill level 23 in Stealth
  1065 | D        | Noticed a shining eye
  1065 | D        | Noticed a shining eye
  1067 | D        | Killed a shining eye
  1070 | D        | Killed a shining eye
  1073 | D        | Paralysed by a floating eye for 3 turns
  1076 | D        | Gained mutation: Your spells are a little easier to cast,
                  | but a little less powerful. [a shining eye]
  1076 | D        | Gained mutation: Your magical capacity is low. (-10% MP) [a
                  | shining eye]
  1077 | D        | Gained mutation: You are dopey. (Int -2) [a shining eye]
  1079 | D        | Killed a shining eye
  1080 | D        | Killed a shining eye
  1081 | D        | Killed a shining eye
  1082 | D        | Paralysed by a floating eye for 3 turns
  1084 | D        | Killed a shining eye
  1084 | D        | Killed a shining eye
  1085 | D        | Reached XP level 11. HP: 55/55 MP: 10/10
  1088 | D        | Gained mutation: You are weak. (Str -2) [a shining eye]
  1090 | D        | Killed a shining eye
  1094 | D        | Found Teegos's Book Shop.
  1094 | D        | Found Sychu's General Store.
  1094 | D        | Found Sonwesh's Weapon Boutique.
  1094 | D        | Found Limonu's Armour Emporium.
  1165 | D        | Reached skill level 15 in Dodging
  1184 | D        | Reached skill level 24 in Stealth
  1186 | D        | Noticed a lorocyproca
  1198 | D        | Demolished by a lorocyproca
  1199 | D        | Reached XP level 10. HP: -14/53 MP: 2/10
  1219 | D        | Killed a lorocyproca
  2046 | D        | Noticed a lindwurm
  2051 | D        | Killed a lindwurm
  2113 | D        | Reached XP level 11. HP: 21/58 MP: 10/10
  2691 | D        | Noticed a 12-headed hydra
  2693 | D        | Killed a 12-headed hydra
  2759 | D        | Bought an uncursed ring of fire for 350 gold pieces
  2876 | D        | Noticed a shadow dragon
  2876 | D        | Noticed a golden dragon
  2892 | D        | Killed a shadow dragon
  2893 | D        | Reached skill level 25 in Stealth
  2902 | D        | Killed a golden dragon
  2970 | D        | Found Toupti's General Store.
  2988 | D        | Bought a scroll of blinking for 97 gold pieces
  3526 | D        | Noticed a daeva
  3536 | D        | Killed a daeva
  3539 | D        | Noticed an unseen horror
  3540 | D        | Noticed an unseen horror
  3540 | D        | Noticed an unseen horror
  3542 | D        | Noticed an unseen horror
  3557 | D        | Killed an unseen horror
  3560 | D        | Killed an unseen horror
  3560 | D        | Killed an unseen horror
  3568 | D        | Noticed an unseen horror
  3572 | D        | Killed an unseen horror
  3579 | D        | Killed an unseen horror
  3863 | D        | Noticed a fire giant
  3873 | D        | Noticed a fire giant
  3874 | D        | Noticed a fire giant
  3876 | D        | Noticed a fire giant
  3889 | D        | Killed a fire giant
  3892 | D        | Killed a fire giant
  3893 | D        | Gained mutation: Your thick and shaggy fur keeps you warm.
                  | (AC +3, rC+) [Felid growth]
  3893 | D        | Reached XP level 12. HP: 10/64 MP: 11/11
  3903 | D        | Killed a fire giant
  4069 | D        | Killed a fire giant
  4070 | D        | Reached skill level 26 in Stealth
  4620 | D        | Found the +4 dragonskin cloak
  4620 | D        | Noticed Tiamat
  4622 | D        | Got the Orb of Zot
  4634 | D        | Noticed a Tzitzimitl
  4680 | D        | HP: 1/64 [efreet/fireball (16)]
  4695 | D        | Escaped with the Orb!

Illustrated notes

Levels and vault maps discovered:
D:        dungeon_sprint_1 [red_sonja_temple_1, red_sonja_temple_small_1]

Skill      XL: |  1  2  3  4  5  6  7  8  9 10 11 12 |
---------------+-------------------------------------+-----
Stealth        | 8 12 16 19 20 21 22 23 25 26 | 26.0
Fighting       | 5 7 9 13 14 | 14.8
Dodging        | 7 9 12 16 18 | 18.4
Unarmed Combat | 5 7 9 11 14 | 14.8

Action                   |  1- 3 |  4- 6 |  7- 9 | 10-12 || total
-------------------------+-------+-------+-------+-------++-------
Melee: Unarmed           |     7 |     4 |     9 |   166 ||   186
       Bite              |     1 |       |       |    15 ||    16
       Punch             |       |       |       |     7 ||     7
Invok: Berserk           |     2 |       |       |     4 ||     6
       Trog's Hand       |       |       |       |     8 ||     8
       Brothers in Arms  |       |       |       |    14 ||    14
 Abil: Evoke Flight      |       |       |       |     2 ||     2
       Evoke Invisibilit |       |       |       |     1 ||     1
Evoke: Wand              |       |       |       |     4 ||     4
  Use: Scroll            |       |       |     1 |     4 ||     5
       Potion            |       |       |       |     4 ||     4
 Stab: Sleeping          |       |     4 |     9 |    21 ||    34
       Confused          |       |       |       |     1 ||     1
Armor: Skin              |       |       |       |     2 ||     2
Dodge: Dodged            |     5 |       |       |   147 ||   152
